 Dungeon Crawl Stone Soup version 0.28.0-62-gf88900778d (webtiles) character file.

Game seed: 1004616608094046440

25 cbfl8 the Chopper (level 2, -3/40 HPs)
             Began as a Minotaur Berserker on July 3, 2023.
             Was a Follower of Trog.
             Slain by a goblin
             ... wielding a +2 dagger of electrocution
             ... led by Robin
              (15 damage)
             ... on level 2 of the Dungeon.
             The game lasted 00:00:29 (922 turns).

cbfl8 the Chopper (Minotaur Berserker)               Turns: 922, Time: 00:00:30

Health: -3/40      AC:  6    Str: 21    XL:     2   Next: 86%
Magic:  1/1        EV: 10    Int:  4    God:    Trog [*.....]
Gold:   11         SH:  0    Dex:  9    Spells: 1/1 levels left

rFire   . . .      SeeInvis .   a - +0 hand axe
rCold   . . .      Faith    .   (no shield)
rNeg    . . .      Spirit   .   g - +0 scale mail
rPois   .          Reflect  .   (helmet restricted)
rElec   .          Harm     .   (no cloak)
rCorr   .          Rampage  .   (no gloves)
Will    .....                   (no boots)
Stlth   ..........              (no amulet)
HPRegen 0.13/turn               (no ring)
MPRegen 0.07/turn               (no ring)

@: berserking, lethally poisoned (-3 -> -6), very quick
A: horns 2, retaliatory headbutt
a: Renounce Religion, Berserk


You were on level 2 of the Dungeon.
You worshipped Trog.
Trog was aware of your devotion.
You visited 1 branch of the dungeon, and saw 2 of its levels.

You collected 11 gold pieces.

Inventory:

Hand Weapons
 a - a +0 hand axe (weapon)
Armour
 g - a +0 scale mail (worn)
Scrolls
 d - a scroll of identify {unknown}
 e - a scroll of magic mapping {unknown}
 f - a scroll of fear {unknown}
Potions
 c - a potion of heal wounds {unknown}


   Skills:
 + Level 4.0 Fighting
 + Level 4.0 Axes
 + Level 2.4 Armour
 + Level 2.3 Dodging
 * Level 1.1 Evocations


You had one spell level left.
You didn't know any spells.
Your spell library was empty.

Dungeon Overview and Level Annotations

Branches:
Dungeon (2/15)

Altars:

Annotations:
D:2 Robin


Innate Abilities, Weirdness & Mutations

You have a pair of horns on your head.
You reflexively headbutt those who attack you in melee.


Message History

You are too injured to fight recklessly!
Unknown command.
You closely miss the goblin. You slash the goblin!
You kill the goblin!
Trog accepts your kill.
You barely miss the goblin. The goblin hits you with a +0 club.
The goblin closely misses you.
You slash the goblin!
You kill the goblin!
Trog accepts your kill.
You miss the goblin. You closely miss the goblin.
The goblin closely misses you. You furiously retaliate!
You headbutt the goblin!
You kill the goblin!
Trog accepts your kill. Robin throws the goblin at you!
You miss the adder. Your headbutt misses the adder. You hit the goblin.
You kill the goblin!
Trog accepts your kill.
You closely miss the goblin.
The goblin unwields a +0 hunting sling.
The goblin wields a +0 club.
The goblin hits you but does no damage. The adder completely misses you.
Unknown command.
You closely miss the adder. You closely miss the goblin.
The adder barely misses you. The goblin hits you but does no damage.
Unknown command.
You barely miss the adder. Your headbutt misses the adder.
You slash the goblin!
You kill the goblin!
Trog accepts your kill.
You barely miss the goblin. The adder bites you.
You are poisoned.
The adder poisons you!
The goblin hits you with a +2 dagger of electrocution.
Robin throws the goblin at you!
You closely miss the adder. You barely miss the goblin.
You closely miss the goblin.
You feel sick. The adder closely misses you. The goblin barely misses you.
The goblin hits you but does no damage.
You are electrocuted!
You die...

.........
.......#
......#
.....#
....#
..g####.#
#Sg.....#
#@# #g#
#.# #.#
#.###
#..<#
#####


You could see Robin, an adder and 2 goblins.

Vanquished Creatures
  A ball python (D:1)
  An endoplasm (D:1)
  8 goblins (D:2)
  4 hobgoblins
  A quokka (D:1)
  2 bats (D:1)
  A frilled lizard (D:1)
  2 kobolds (D:1)
  2 rats (D:1)
22 creatures vanquished.

Notes
Turn   | Place    | Note
-------+----------+-------------------------------------------
     0 | D:1      | cbfl8 the Minotaur Berserker began the quest for the Orb.
     0 | D:1      | Reached XP level 1. HP: 19/19 MP: 0/0
   117 | D:1      | Found a faded altar of an unknown god.
   392 | D:1      | Reached XP level 2. HP: 27/27 MP: 1/1
   909 | D:2      | Noticed Robin
   916 | D:2      | Reached skill level 1 in Evocations
   922 | D:2      | Slain by a goblin

Illustrated notes

Levels and vault maps discovered:
D:1:      mainiacjoe_arrival_reflecting_pool, layout_rooms, serial_aquarium,
          aquarium_bridge_straight [aquarium_subvault_bridge,
          aquarium_subvault_balcony, aquarium_subvault_bridge,
          aquarium_subvault_balcony], aquarium_bridge_straight
          [aquarium_subvault_bridge, aquarium_subvault_balcony,
          aquarium_subvault_bridge, aquarium_subvault_wall], aquarium_window_2,
          aquarium_window_fake, aquarium_view_2e,
          hellmonk_ecumenical_altar_blasted, serial_park_tiny_1,
          minmay_octomino_j4
D:2:      layout_basic, uniq_robin

Skill      XL: |  1  2 |
---------------+-------+-----
Axes           | 4 |  4.0
Fighting       | 4 |  4.0
Evocations     | 1 |  1.1
Armour         | |  2.4
Dodging        | |  2.3

Action                   || total
-------------------------++-------
Melee: Hand axe          ||    23
       Headbutt          ||     2
Invok: Berserk           ||     1
Armor: Animal skin       ||     3
       Scale mail        ||     8
Dodge: Dodged            ||    20
